 Dungeon Crawl Stone Soup version 0.18.1-5-g4a78601 (webtiles) character file.

146 Mefis the Magician (level 5, -5/29 HPs)
             Began as a Deep Elf Wizard on May 12, 2016.
             Slain by an orc
             ... wielding a +0 mace
              (7 damage)
             ... on level 3 of the Dungeon.
             The game lasted 00:05:25 (2038 turns).

Mefis the Magician (Deep Elf Wizard)                Turns: 2038, Time: 00:05:25

Health: -5/29      AC:  2    Str:  4    XL:     5   Next: 7%
Magic:  0/14       EV: 13    Int: 24    God:
Gold:   119        SH:  0    Dex: 13    Spells: 6 memorised, 1 level left

rFire  . . .     SeeInvis .     i - +0 dagger
rCold  . . .     Gourm    .     a - +0 robe
rNeg   . . .     Faith    .     (no shield)
rPois  .         Spirit   .     b - +0 hat
rElec  .         Dismiss  .     (no cloak)
rCorr  .         Reflect  .     (no gloves)
SustAt .         Harm     .     (no boots)
MR     +....                    (no amulet)
Stlth  ++........               (no ring)
                                q - ring of protection from magic

@: very slightly contaminated, repel missiles, somewhat resistant to hostile
enchantments, unstealthy
A: no striking features
a: no special abilities


You were on level 3 of the Dungeon.
You were not hungry.

You visited 1 branch of the dungeon, and saw 3 of its levels.

You collected 119 gold pieces.

Inventory:

Hand Weapons
 i - a +0 dagger (weapon)
Missiles
 h - 58 arrows
Armour
 a - a +0 robe (worn)
 b - a +0 hat (worn)
Jewellery
 q - a ring of protection from magic (left hand)
Scrolls
 e - a scroll of enchant weapon {unknown}
 f - 3 scrolls of identify {unknown}
 g - a scroll of enchant armour {unknown}
 l - a scroll of recharging {unknown}
 m - 2 scrolls of remove curse {unknown}
Potions
 j - 3 potions of curing {unknown}
 n - a potion of cure mutation {unknown}
 p - a potion of degeneration {unknown}
 r - a potion of mutation {unknown}
 t - a potion of heal wounds {unknown}
 u - a potion of beneficial mutation {unknown}
Books
 c - a book of Minor Magic

   Spells                             Type                      Level
   a - Magic Dart                     Conjuration                  1
   b - Blink                          Translocation                2
   c - Call Imp                       Summoning                    2
   d - Repel Missiles                 Charms/Air                   2
   e - Slow                           Hexes                        2
   f - Conjure Flame                  Conjuration/Fire             3
   g - Mephitic Cloud                 Conjuration/Poison/Air       3
 o - a book of Ice

   Spells                             Type                      Level
   a - Ice Form                       Ice/Transmutation            4
   b - Metabolic Englaciation         Hexes/Ice                    5
   c - Ozocubu's Refrigeration        Ice                          6
   d - Bolt of Cold                   Conjuration/Ice              6
   e - Freezing Cloud                 Conjuration/Ice/Air          6
   f - Simulacrum                     Ice/Necromancy               6
Comestibles
 d - 3 bread rations
 k - 5 meat rations


   Skills:
 + Level 1.0 Fighting
 + Level 3.4 Dodging
 + Level 3.3 Stealth
 + Level 5.4 Spellcasting
 + Level 2.1 Conjurations
 + Level 2.0 Summonings
 - Level 1.1 Translocations
 + Level 0.2 Fire Magic
 + Level 1.4 Poison Magic


You had one spell level left.
You knew the following spells:

 Your Spells              Type           Power        Failure   Level  Hunger
a - Magic Dart            Conj           ###.         4%          1    None
b - Call Imp              Summ           ###.....     8%          2    None
c - Blink                 Tloc           N/A          12%         2    None
d - Repel Missiles        Chrm/Air       #.....       14%         2    None
e - Mephitic Cloud        Conj/Pois/Air  ##......     17%         3    ##.....
f - Conjure Flame         Conj/Fire      ##......     17%         3    ##.....


Dungeon Overview and Level Annotations

Branches:
Dungeon (3/15)

Altars:
Okawaru
Ru
The Shining One


Message History

The orc is lightly wounded.
The orc hits you with a mace!
You hit the orc but do no damage.
The orc is lightly wounded.
The orc hits you with a mace.
* * * LOW HITPOINT WARNING * * *
The orc misses you.
Casting: Magic Dart
Confirm with . or Enter, or press ? or * to list all spells.
Aiming: Conjure Flame
Press: ? - help, Dir - move target cursor, p - orc You miscast Conjure Flame.
You feel a strange surge of energy! The orc hits you with a mace!
* * * LOW HITPOINT WARNING * * *
A giant cockroach comes into view.
Casting: Conjure Flame
Confirm with . or Enter, or press ? or * to list all spells.
A beastly little devil appears in a puff of flame.
The orc hits you with a mace!
You die...

######### #...@o5.#
#.#####s#### #.# #.##.##
#######
#####.#####.#...###......
#...........s....##.#####
#.#.#.......#.........#
#.###.##.###s.###.#.# #
#.###.............#.#
#.#...)###.###..##### #


You could see an orc, a giant cockroach and a friendly crimson imp.

Vanquished Creatures
  2 adders (D:2)
  A worm (D:2)
  A dart slug (D:1)
  4 giant geckos
  3 orcs (D:3)
  2 bats (D:1)
  A giant cockroach (D:1)
  6 goblins
  2 hobgoblins
  5 kobolds
  A quokka (D:2)
  5 giant newts
  6 rats
39 creatures vanquished.

Vanquished Creatures (collateral kills)
  The ghost of ololoev the Grave Robber, an amateur HENe (D:3)
  A worm (D:2)
2 creatures vanquished.

Grand Total: 41 creatures vanquished

Notes
Turn   | Place    | Note
--------------------------------------------------------------
     0 | D:1      | Mefis the Deep Elf Wizard began the quest for the Orb.
     0 | D:1      | Reached XP level 1. HP: 10/10 MP: 7/7
   318 | D:1      | Reached XP level 2. HP: 15/15 MP: 9/9
   322 | D:1      | Learned a level 2 spell: Call Imp
   325 | D:1      | Learned a level 2 spell: Blink
   328 | D:1      | Learned a level 2 spell: Repel Missiles
   527 | D:1      | Reached skill level 5 in Spellcasting
   815 | D:2      | Found a sacrificial altar of Ru.
   845 | D:2      | Reached XP level 3. HP: 19/19 MP: 6/11
   850 | D:2      | Learned a level 3 spell: Mephitic Cloud
   971 | D:2      | Found a glowing golden altar of the Shining One.
  1457 | D:2      | Found an iron altar of Okawaru.
  1608 | D:3      | Noticed ololoev's ghost (amateur HENe)
  1646 | D:3      | Killed ololoev's ghost
  1646 | D:3      | Reached skill level 1 in Fighting
  1646 | D:3      | Reached skill level 1 in Poison Magic
  1646 | D:3      | Reached XP level 4. HP: 25/25 MP: 0/13
  1646 | D:3      | Reached XP level 5. HP: 29/29 MP: 0/14
  1746 | D:3      | Learned a level 3 spell: Conjure Flame
  2025 | D:3      | HP: 1/29 [orc/mace (8)]
  2038 | D:3      | Slain by an orc

Skill      XL: |  1  2  3  4  5 |
---------------+----------------+-----
Spellcasting   | 5 |  5.4
Dodging        | 3 |  3.4
Stealth        | 3 |  3.3
Fighting       | 1 |  1.0
Conjurations   | 2 |  2.1
Poison Magic   | 1 |  1.4
Summonings     | 2 |  2.0
Translocations | |  1.1
Fire Magic     | |  0.2

Action                   |  1- 3 |  4- 6 || total
-------------------------+-------+-------++-------
Melee: Unarmed           |     2 |       ||     2
       Dagger            |     9 |     5 ||    14
 Cast: Magic Dart        |    79 |    17 ||    96
       Repel Missiles    |     2 |       ||     2
       Call Imp          |     5 |     1 ||     6
 Stab: Sleeping          |     6 |       ||     6
  Eat: Chunk             |     2 |     1 ||     3
Armor: Robe              |     4 |     1 ||     5
Dodge: Dodged            |    11 |     6 ||    17
       Deflected         |     2 |       ||     2
